 Dungeon Crawl Stone Soup version 0.30.0-5-g1a98f26d00 (webtiles) character file.

Game seed: 995808566446377844

277 GigaChad the Shield-Bearer (level 6, -2/48 HPs)
             Began as a Formicid Fighter on May 11, 2023.
             Slain by a gnoll sergeant
             ... wielding a +0 trident
              (5 damage)
             ... on level 3 of the Dungeon on May 12, 2023.
             The game lasted 00:03:59 (2447 turns).

GigaChad the Shield-Bearer (Formicid Fighter)       Turns: 2447, Time: 00:04:00

Health: -2/48      AC: 14    Str: 22    XL:     6   Next: 50%
Magic:  6/6        EV:  6    Int:  8    God:
Gold:   171        SH:  5    Dex: 13    Spells: 5/5 levels left

rFire   . . .        a - +1 war axe
rCold   . . .        c - +0 buckler
rNeg    . . .        n - +0 plate armour
rPois   +            (helmet unavailable)
rElec   .            t - +1 cloak {rPois}
rCorr   .            (no gloves)
SInv    +            (no boots)
Will    .....        (no amulet) Stlth
                     r - ring of poison resistance
HPRegen 0.28/turn    (no ring)
MPRegen 0.10/turn

%: no passive effects
@: no status effects
A: permanent stasis, dig shafts and tunnels, antennae 3, four strong arms
a: Dig, Shaft Self


You were on level 3 of the Dungeon.
You visited 1 branch of the dungeon, and saw 3 of its levels.

You collected 171 gold pieces.

Inventory:

Hand Weapons
 a - a +1 war axe (weapon)
 s - a +2 quarterstaff of chaos
Armour
 b - a +0 scale mail
 c - a +0 buckler (worn)
 g - a +2 cloak
 n - a +0 plate armour (worn)
 t - a +1 cloak of poison resistance (worn)
Jewellery
 r - a ring of poison resistance (left hand)
 x - a ring of protection from fire
Wands
 q - a wand of light (10)
Scrolls
 e - a scroll of brand weapon {unknown}
 f - 2 scrolls of amnesia
 j - 2 scrolls of teleportation
 l - 2 scrolls of poison {unknown}
 o - 3 scrolls of enchant armour {unknown}
 v - a scroll of butterflies {unknown}
 w - a scroll of magic mapping
 y - a scroll of identify
Potions
 d - 2 potions of might
 h - a potion of lignification {unknown}
 i - a potion of cancellation {unknown}
 k - a potion of heal wounds {unknown}
 m - a potion of flight {unknown}
 p - 2 potions of invisibility {unknown}
 u - a potion of curing {unknown}
 z - a potion of degeneration {unknown}


   Skills:
 * Level 4.2 Fighting
 * Level 4.7 Axes
 * Level 4.4 Armour
 - Level 0.1 Dodging
 - Level 0.1 Stealth
 * Level 4.8 Shields


You had 5 spell levels left.
You didn't know any spells.
Your spell library contained the following spells:

 Spells                   Type           Power      Damage    Failure   Level
 Sandblast                Erth           0%         2d4       100%        1
 Call Canine Familiar     Summ           0%         N/A       100%        3
 Portal Projectile        Hex/Tloc       0%         N/A       100%        3
 Leda's Liquefaction      Hex/Erth       0%         N/A       100%        4


Dungeon Overview and Level Annotations

Branches:
Dungeon (3/15)

Altars:
Dithmenos
Yredelemnul

Shops:
D:2 [


Innate Abilities, Weirdness & Mutations

You cannot be hasted, slowed, berserked, paralysed or teleported.
You can dig through walls and to a lower floor.
You have a pair of large antennae on your head. (SInv)
Your four strong arms can wield two-handed weapons with a shield.


Message History

The gnoll is almost dead.
You hit the gnoll sergeant.
The gnoll sergeant hits you but does no damage.
The gnoll hits you but does no damage.
The gnoll sergeant hits you with a +0 trident.
You block the gnoll's attack.
You slash the gnoll!
You kill the gnoll!
You hit the gnoll sergeant.
The gnoll sergeant hits you with a +0 trident!
Unknown command.
Unknown command.
You are too injured to fight recklessly!
Unknown command.
Unknown command.
You closely miss the gnoll sergeant.
The gnoll sergeant is severely wounded.
The gnoll sergeant hits you with a +0 trident.
You hit the gnoll sergeant.
The gnoll sergeant is severely wounded.
The gnoll sergeant hits you with a +0 trident.
* * * LOW HITPOINT WARNING * * *
The gnoll sergeant barely misses you.
You hit the gnoll sergeant.
The gnoll sergeant is severely wounded.
You block the gnoll sergeant's attack.
You barely miss the gnoll sergeant.
The gnoll sergeant is severely wounded.
The gnoll sergeant hits you with a +0 trident.
* * * LOW HITPOINT WARNING * * *
You slash the gnoll sergeant!
The gnoll sergeant is almost dead.
The gnoll sergeant hits you with a +0 trident.
* * * LOW HITPOINT WARNING * * *
The gnoll sergeant hits you with a +0 trident.
* * * LOW HITPOINT WARNING * * *
You closely miss the gnoll sergeant.
The gnoll sergeant is almost dead.
The gnoll sergeant hits you with a +0 trident.
You die...

.....## #.#
......#####.#
..........#.#
..≈≈≈≈≈≈≈...### ♣♣♣♣
.≈≈≈≈≈≈.......# ♣)..
.≈≈_..^.8...###♣♣♣..# #
.≈≈≈≈≈≈....##♣♣♣....#...
|.≈≈≈≈≈≈≈..#♣♣).)♣..#...
......(÷........@g..'..)
.....###...#♣♣.).)♣.#...
###### #...##♣♣♣.)..#...
#....###♣♣♣..# #
#......# ♣... ########
♣♣♣♣


You could see a gnoll sergeant.

Vanquished Creatures
  Crazy Yiuf (D:2)
  Jessica (D:2)
  An orc wizard (D:3)
  7 gnolls
  4 adders
  2 worms
  3 dart slugs (D:1)
  4 orcs (D:3)
  9 bats
  7 endoplasms
  4 giant cockroaches (D:2)
  6 goblins
  7 hobgoblins
  2 jackals (D:1)
  2 quokkas
  4 ball pythons
  7 frilled lizards
  8 kobolds
  7 rats
86 creatures vanquished.

Notes
Turn   | Place    | Note
-------+----------+-------------------------------------------
     0 | D:1      | GigaChad the Formicid Fighter began the quest for the Orb.
     0 | D:1      | Reached XP level 1. HP: 18/18 MP: 1/1
   158 | D:1      | Reached XP level 2. HP: 24/24 MP: 2/2
   312 | D:1      | Reached XP level 3. HP: 21/29 MP: 3/3
   934 | D:2      | Reached XP level 4. HP: 36/36 MP: 4/4
   945 | D:2      | Found Jelan's Armour Emporium.
   986 | D:2      | Reached XP level 5. HP: 19/42 MP: 5/5
  1445 | D:2      | Noticed Jessica
  1459 | D:2      | Killed Jessica
  1750 | D:2      | Found a runed translucent door.
  1751 | D:2      | Noticed Crazy Yiuf
  1936 | D:2      | Killed Crazy Yiuf
  2061 | D:3      | Reached XP level 6. HP: 48/48 MP: 6/6
  2139 | D:3      | Found a basalt altar of Yredelemnul.
  2241 | D:3      | Found a shadowy altar of Dithmenos.
  2321 | D:3      | Found a faded altar of an unknown god.
  2333 | D:3      | Got Plato's Discourse on the Mesa
  2436 | D:3      | Found the +5 woodcutter's axe
  2447 | D:3      | Slain by a gnoll sergeant

Illustrated notes

Levels and vault maps discovered:
D:1:      lightli_arrival_isolated_outpost, layout_basic
D:2:      layout_basic, serial_shops, nicolae_diamond_shop, st_stairs_9,
          hex_intersection, uniq_jessica, uniq_crazy_yiuf_cottage
D:3:      layout_rooms, nicolae_overflow_hidden_temple,
          mainiacjoe_overflow_catwalk, shapermc_ecumenical_altar_rom_forum,
          pf_guarded_unrand_woodcutter

Skill      XL: |  1  2  3  4  5 |
---------------+----------------+-----
Axes           | 3 4 |  4.7
Fighting       | 4 |  4.2
Armour         | 4 |  4.4
Dodging        | |  0.1
Stealth        | |  0.1
Shields        | |  4.8

Action                     |  1- 3 |  4- 6 || total
---------------------------+-------+-------++-------
  Melee: War axe           |    91 |   125 ||   216
    Use: Scroll            |     6 |       ||     6
 Armour: Scale mail        |    56 |    19 ||    75
         Plate armour      |       |    56 ||    56
  Dodge: Dodged            |    48 |    49 ||    97
  Block: Buckler           |    22 |    30 ||    52
